 Dungeon Crawl Stone Soup version 0.18.1-5-g4a78601 (webtiles) character file.

7246 stepppan the Grappler (level 10, -6/102 HPs)
             Began as a Troll Monk on May 14, 2016.
             Was a High Priest of Makhleb.
             Shot with a sling bullet by Joseph (14 damage)
             ... on level 9 of the Dungeon.
             The game lasted 00:32:27 (6205 turns).

stepppan the Grappler (Troll Monk)                  Turns: 6205, Time: 00:32:28

Health: -6/102     AC: 13    Str: 21 (24) XL:     10   Next: 88%
Magic:  9/9        EV: 13    Int:  3 (6)  God:    Makhleb [*****.]
Gold:   300        SH:  0    Dex: 10 (12) Spells: 0 memorised, 9 levels left

rFire  . . .     SeeInvis .     J - +1 flail (crush)
rCold  . . .     Gourm    +     a - +1 robe
rNeg   . . .     Faith    .     (no shield)
rPois  .         Spirit   .     (helmet restricted)
rElec  .         Dismiss  +     (no cloak)
rCorr  .         Reflect  .     (gloves unavailable)
SustAt .         Harm     .     (boots unavailable)
MR     .....                    r - amulet of dismissal
Stlth  ++........               v - +4 ring of protection
                                w - +3 ring of protection

@: drained, not resistant to hostile enchantments, unstealthy
A: unfitting armour, claws 3, fast metabolism 3, gourmand, sense surroundings 1,
regeneration 2, shaggy fur 1, tough skin 2
a: Minor Destruction, Lesser Servant of Makhleb, Major Destruction, Greater
Servant of Makhleb, Renounce Religion


You were on level 9 of the Dungeon.
You worshipped Makhleb.
Makhleb was extremely pleased with you.
You were completely stuffed.

You visited 2 branches of the dungeon, and saw 10 of its levels.

You collected 454 gold pieces.
You spent 154 gold pieces at shops.

Inventory:

Hand Weapons
 J - a +1 flail of crushing (weapon)
Missiles
 e - 37 poisoned needles
 C - 7 needles of confusion
Armour
 a - a +1 robe (worn)
Jewellery
 g - an uncursed ring of protection from magic
 r - an amulet of dismissal (around neck)
 u - an uncursed ring of magical power
 v - a +4 ring of protection (right claw)
 w - a +3 ring of protection (left claw)
Wands
 G - a wand of paralysis (19/24)
 K - a wand of digging (6/24)
Scrolls
 i - 4 scrolls of teleportation
 k - 3 scrolls of identify
 p - 3 scrolls of remove curse
 s - 4 scrolls of amnesia
 I - a scroll of recharging
Potions
 f - 4 potions of curing
 B - 2 potions of might
 F - 4 potions of brilliance
Books
 j - a book of Alchemy

   Spells                             Type                      Level
   a - Sublimation of Blood           Necromancy                   2
   b - Ignite Poison                  Fire/Transmutation/Poison    3
   c - Petrify                        Transmutation/Earth          4
   d - Alistair's Intoxication        Transmutation/Poison         5
   e - Irradiate                      Conjuration/Transmutation    5
 t - a book of Flames

   Spells                             Type                      Level
   a - Flame Tongue                   Conjuration/Fire             1
   b - Throw Flame                    Conjuration/Fire             2
   c - Conjure Flame                  Conjuration/Fire             3
   d - Inner Flame                    Hexes/Fire                   3
   e - Sticky Flame                   Conjuration/Fire             4
   f - Fireball                       Conjuration/Fire             5
 H - a book of Frost

   Spells                             Type                      Level
   a - Freeze                         Ice                          1
   b - Throw Frost                    Conjuration/Ice              2
   c - Ozocubu's Armour               Charms/Ice                   3
   d - Throw Icicle                   Conjuration/Ice              4
   e - Summon Ice Beast               Ice/Summoning                4
Miscellaneous
 y - a plain deck of summoning
Comestibles
 b - 7 bread rations
 d - 2 beef jerkies
 l - a chunk of flesh
 m - 4 meat rations
 x - 4 fruits
 z - a royal jelly
 A - a slice of pizza


   Skills:
 + Level 7.3(6.7) Fighting
 + Level 0.3(0.0) Maces & Flails
 + Level 9.2(8.6) Dodging
 + Level 4.6(4.0) Stealth
 + Level 9.9(9.3) Unarmed Combat


You had 9 spell levels left.
You didn't know any spells.

Dungeon Overview and Level Annotations

Branches:
Dungeon (9/15)             Temple (1/1) D:6            Lair (0/8) D:8
    Orc: D:9-12

Altars:
Ashenzari
Cheibriados
Dithmenos
Elyvilon
Gozag
Kikubaaqudgha
Makhleb
Nemelex Xobeh
Okawaru
Qazlal
Sif Muna
Xom
Yredelemnul
Zin
The Shining One

Shops:
D:4 %[:}(   D:7 }

Annotations:
D:9 Joseph


Innate Abilities, Weirdness & Mutations

You are too large for most types of armour.
You have claws for hands.
Your metabolism is lightning-fast.
You like to eat raw meat.
You heal very quickly.
You are covered in fur (AC +1).
You have very tough skin (AC +2).
You passively map a small area around you.


Message History

Joseph hits you but does no damage.
You hit Joseph but do no damage.
Joseph is moderately wounded.
Joseph closely misses you.
You hit Joseph but do no damage.
Joseph is moderately wounded.
Joseph hits you with an uncursed quarterstaff of protection!
* * * LOW HITPOINT WARNING * * *
Joseph hits you with an uncursed quarterstaff of protection.
* * * LOW HITPOINT WARNING * * *
You hit Joseph but do no damage.
Joseph is moderately wounded.
Joseph hits you but does no damage.
Joseph hits you with an uncursed quarterstaff of protection!
* * * LOW HITPOINT WARNING * * *
Joseph unwields an uncursed quarterstaff of protection.
Joseph wields an uncursed hunting sling of freezing.
It is covered in frost.
Joseph shoots a sling bullet.
The sling bullet hits you!
You die...

, #.(....#
#......#
######......#
,
............#
,
.......(....#
.......(....#
,
.......†@...#
............#
.......@....#
............#
..........###
..........#
###.......#
#....<..#
######..# ###


You could see Joseph.

Vanquished Creatures
  The ghost of Aelig the Tainter, a novice OpVM of Ashenzari (D:8)
  An elephant (D:8)
  A yak (D:8)
  A sky beast (D:6)
  An eye of draining (D:8)
  An ice beast (D:6)
  An ogre (D:8)
  2 phantoms
  A centaur (D:6)
  A crocodile (D:8)
  3 giant frogs
  3 scorpions
  7 killer bees
  4 wights (D:6)
  6 howler monkeys
  2 crimson imps
  A giant frog zombie (D:7)
  4 hounds
  A quasit (D:8)
  3 orc priests
  3 jellies
  7 orc wizards
  A centaur skeleton (D:8)
  Jessica (D:3)
  3 iguanas
  7 worker ants
  A sheep (D:8)
  2 hound skeletons
  4 adders
  3 gnolls (D:6)
  A shadow imp (D:5)
  3 oozes
  An adder skeleton (D:5)
  A worm (D:5)
  2 dart slugs
  3 giant geckos
  41 orcs
  2 ball pythons (D:1)
  9 bats
  6 giant cockroaches
  7 goblins
  4 hobgoblins
  10 jackals
  10 kobolds
  5 quokkas
  A giant cockroach zombie (D:5)
  A giant gecko skeleton (D:8)
  10 giant newts
  9 rats
203 creatures vanquished.

Vanquished Creatures (others)
  A quokka (D:8)
1 creature vanquished.

Grand Total: 204 creatures vanquished

Notes
Turn   | Place    | Note
--------------------------------------------------------------
     0 | D:1      | stepppan the Troll Monk began the quest for the Orb.
     0 | D:1      | Reached XP level 1. HP: 22/22 MP: 0/0
   167 | D:1      | Reached XP level 2. HP: 29/29 MP: 1/1
   353 | D:1      | Reached XP level 3. HP: 36/36 MP: 2/2
  1229 | D:3      | Reached XP level 4. HP: 43/44 MP: 3/3
  1562 | D:3      | Noticed Jessica
  1585 | D:3      | Killed Jessica
  1741 | D:4      | Found Buoquet's Book Boutique.
  1768 | D:4      | Found Wauhuzoics's Weapon Emporium.
  1787 | D:4      | Reached XP level 5. HP: 39/53 MP: 4/4
  1825 | D:4      | Found Ugufapti's Gadget Emporium.
  2196 | D:4      | Reached XP level 6. HP: 60/61 MP: 5/5
  2291 | D:4      | Reached skill level 5 in Unarmed Combat
  2316 | D:4      | Found Bezoig's Armour Shop.
  2396 | D:4      | Found Larphi Hele's Food Boutique.
  2410 | D:4      | Bought 4 fruits for 84 gold pieces
  2410 | D:4      | Bought a royal jelly for 28 gold pieces
  2410 | D:4      | Bought a beef jerky for 21 gold pieces
  2410 | D:4      | Bought a slice of pizza for 21 gold pieces
  2642 | D:4      | Reached XP level 7. HP: 61/67 MP: 6/6
  2730 | D:5      | Entered Level 5 of the Dungeon
  2734 | D:5      | Found a burning altar of Makhleb.
  2749 | D:5      | Became a worshipper of Makhleb the Destroyer
  2749 | D:5      | Reached * piety under Makhleb
  2749 | D:5      | Reached ** piety under Makhleb
  2775 | D:5      | Reached skill level 5 in Dodging
  3014 | D:5      | Found an opulent altar of Gozag.
  3072 | D:5      | Found a shadowy altar of Dithmenos.
  3157 | D:5      | Found a sparkling altar of Nemelex Xobeh.
  3446 | D:6      | Found a staircase to the Ecumenical Temple.
  3452 | Temple   | Entered the Ecumenical Temple
  3857 | D:6      | Reached XP level 8. HP: 61/78 MP: 7/7
  4462 | D:7      | Found Jeagg's Gadget Shoppe.
  4485 | D:6      | Reached *** piety under Makhleb
  4764 | D:7      | Reached skill level 5 in Fighting
  4916 | D:7      | Found a shadowy altar of Dithmenos.
  5093 | D:8      | Reached XP level 9. HP: 88/88 MP: 8/8
  5149 | D:8      | Found a staircase to the Lair.
  5149 | D:8      | Noticed an elephant
  5239 | D:8      | Killed an elephant
  5344 | D:8      | Reached **** piety under Makhleb
  5437 | D:8      | Found a white marble altar of Elyvilon.
  5527 | D:8      | Noticed Aelig's ghost (novice OpVM)
  5715 | D:8      | Found a stormy altar of Qazlal.
  5780 | D:8      | Found a shattered altar of Ashenzari.
  5791 | D:8      | Killed Aelig's ghost
  5981 | D:8      | Gained mutation: Scrolls take you a little longer to read. [potion of mutation]
  5981 | D:8      | Gained mutation: You possess an exceptional clarity of mind. [potion of mutation]
  5982 | D:8      | Gained mutation: Your body sometimes deteriorates upon taking damage. [potion of mutation]
  5982 | D:8      | Gained mutation: You passively map a small area around you. [potion of mutation]
  5982 | D:8      | Gained mutation: You are frail (-10% HP). [potion of mutation]
  5984 | D:8      | Reached XP level 10. HP: 91/91 MP: 9/9
  5985 | D:8      | Lost mutation: You are frail (-10% HP). [potion of cure mutation]
  5985 | D:8      | Lost mutation: Your body sometimes deteriorates upon taking damage. [potion of cure mutation]
  5985 | D:8      | Lost mutation: You possess an exceptional clarity of mind. [potion of cure mutation]
  5985 | D:8      | Lost mutation: Scrolls take you a little longer to read. [potion of cure mutation]
  6165 | D:9      | Noticed Joseph
  6186 | D:9      | Reached ***** piety under Makhleb
  6205 | D:9      | Shot with a sling bullet by Joseph

Skill      XL: |  1  2  3  4  5  6  7  8  9 |
---------------+----------------------------+-----
Dodging        | 3 4 5 6 9 |  9.2
Fighting       | 3 4 5 7 |  7.3
Unarmed Combat | 5 6 7 9 |  9.9
Stealth        | 2 4 |  4.6
Maces & Flails | |  0.3

Action                   |  1- 3 |  4- 6 |  7- 9 | 10-12 || total
-------------------------+-------+-------+-------+-------++-------
Melee: Unarmed           |   144 |   186 |   309 |       ||   639
       Punch             |     2 |       |    12 |       ||    14
       Flail             |       |       |    14 |    57 ||    71
Evoke: Wand              |       |       |       |     1 ||     1
  Use: Scroll            |       |       |     9 |     3 ||    12
       Potion            |       |       |     7 |     3 ||    10
 Stab: Sleeping          |     1 |       |     3 |     1 ||     5
       Distracted        |     1 |       |       |       ||     1
  Eat: Chunk             |    17 |    13 |    31 |     2 ||    63
Armor: Robe              |    71 |    88 |   129 |    43 ||   331
Dodge: Dodged            |   121 |   111 |   229 |    93 ||   554
